 Dungeon Crawl Stone Soup version 0.29.0 (webtiles) character file.

Game seed: 9032192576941495162

0 lr19 the Firebug (level 1, 0/16 HPs)
             Began as an Ogre Fire Elementalist on Aug 25, 2022.
             Frozen to death by an endoplasm (2 damage)
             ... on level 1 of the Dungeon.
             The game lasted 00:03:08 (162 turns).

lr19 the Firebug (Ogre Fire Elementalist)            Turns: 162, Time: 00:03:09

Health: 0/16       AC:  3    Str: 11    XL:     1   Next: 10%
Magic:  3/3        EV:  9    Int: 16    God:
Gold:   14         SH:  0    Dex:  9    Spells: 3/4 levels left

rFire   . . .      SeeInvis .   (no weapon)
rCold   . . .      Faith    .   (no shield)
rNeg    . . .      Spirit   .   a - +0 robe
rPois   .          Reflect  .   (helmet restricted)
rElec   .          Harm     .   (no cloak)
rCorr   .          Rampage  .   (gloves unavailable)
Will    .....                   (boots unavailable)
Stlth   +.........              (no amulet)
HPRegen 0.05/turn               (no ring)
MPRegen 0.08/turn               (no ring)

@: no status effects
A: large, unfitting armour, tough skin 1
a: no special abilities


You were on level 1 of the Dungeon.
You visited 1 branch of the dungeon, and saw 1 of its levels.

You collected 14 gold pieces.

Inventory:

Armour
 a - a +0 robe (worn)
Scrolls
 b - a scroll of butterflies {unknown}


   Skills:
 + Level 1.7 Dodging
 + Level 1.4 Stealth
 + Level 2.4 Spellcasting
 + Level 0.8 Conjurations
 + Level 2.7 Fire Magic


You had 3 spell levels left.
You knew the following spells:

 Your Spells              Type           Power      Damage    Failure   Level
a - Foxfire               Conj/Fire      28%        2x1d5     10%         1

Your spell library contained the following spells:

 Spells                   Type           Power      Damage    Failure   Level
 Scorch                   Fire           20%        2d6       10%         2
 Sting                    Tmut/Pois      4%         1d3       21%         1
 Conjure Flame            Conj/Fire      7%         6-21      28%         3
 Blink                    Tloc           2%         N/A       30%         2
 Poisonous Vapours        Pois/Air       2%         N/A       30%         2
 Inner Flame              Hex/Fire       6%         N/A       34%         3
 Lesser Beckoning         Tloc           1%         N/A       52%         3
 Flame Wave               Conj/Fire      7%         2d5       67%         4
 Olgreb's Toxic Radiance  Pois           1%         N/A       89%         4
 Manifold Assault         Tloc           1%         N/A       99%         5


Dungeon Overview and Level Annotations

Branches:
Dungeon (1/15)

Altars:


Innate Abilities, Weirdness & Mutations

You are too large for most types of armour.
You have tough skin. (AC +1)


Message History

Unknown command.
Unknown command.
The kobold attacks as you move away! The kobold barely misses you.
The endoplasm attacks as you move away! The endoplasm hits you.
The endoplasm attacks as you move away!
The endoplasm hits you but does no damage.
The endoplasm attacks as you move away! The endoplasm barely misses you.
The kobold attacks as you move away! The kobold hits you with a +0 dagger.
The endoplasm attacks as you move away! The endoplasm barely misses you.
The endoplasm hits you but does no damage.
The kobold hits you but does no damage.
The endoplasm jiggles.
The endoplasm attacks as you move away!
The endoplasm hits you but does no damage.
The endoplasm hits you. The endoplasm attacks as you move away!
The endoplasm hits you. The kobold hits you but does no damage.
The endoplasm attacks as you move away! The endoplasm closely misses you.
There is a staircase leading out of the dungeon here.
The endoplasm barely misses you. The endoplasm attacks as you move away!
The endoplasm barely misses you. The kobold attacks as you move away!
The kobold hits you with a +0 dagger. The endoplasm freezes you.
You are frozen.
The kobold attacks as you move away! The kobold closely misses you.
The endoplasm attacks as you move away! The endoplasm barely misses you.
The endoplasm attacks as you move away!
The endoplasm hits you but does no damage.
The endoplasm attacks as you move away!
The endoplasm hits you but does no damage.
The endoplasm attacks as you move away! The endoplasm hits you.
The kobold attacks as you move away! The kobold completely misses you.
The kobold attacks as you move away! The kobold hits you with a +0 dagger.
* * * LOW HITPOINT WARNING * * *
The endoplasm attacks as you move away! The endoplasm hits you.
* * * LOW HITPOINT WARNING * * *
The endoplasm barely misses you. The kobold hits you but does no damage.
The endoplasm freezes you.
You are frozen.
You die...

...........#
......###..#
.....## ##.# .<...#
#)# .....##
##.########
......###.........#
...............K..#
###............J..#
# ##............@.#
#..............#
#.......#.###+## #
#........#.#
...........#.#
.......#####.. ###


You could see an endoplasm and a kobold.

Vanquished Creatures
  A rat (D:1)
1 creature vanquished.

Vanquished Creatures (others)
  12 foxfires (D:1)
12 creatures vanquished.

Grand Total: 13 creatures vanquished

Notes
Turn   | Place    | Note
-------+----------+-------------------------------------------
     0 | D:1      | lr19 the Ogre Fire Elementalist began the quest for the
                  | Orb.
     0 | D:1      | Reached XP level 1. HP: 16/16 MP: 3/3
   162 | D:1      | Frozen to death by an endoplasm

Illustrated notes

Levels and vault maps discovered:
D:1:      minmay_arrival_four_circles, layout_basic, minmay_unequal

Action                   || total
-------------------------++-------
 Cast: Foxfire           ||     6
  Use: Potion            ||     1
Armor: Robe              ||    11
Dodge: Dodged            ||    13
